 Dungeon Crawl Stone Soup version 0.29.0-4-gdea44cf6ec (webtiles) character file.

Game seed: 5488867048679140017

65 qw the Chopper (level 4, -1/26 HPs)
             Began as a Tengu Warper on Aug 28, 2022.
             Succumbed to their own poison gas
             ... on level 2 of the Dungeon.
             The game lasted 00:00:12 (2221 turns).

qw the Chopper (Tengu Warper)                       Turns: 2221, Time: 00:00:13

Health: -1/26      AC:  8    Str: 13    XL:     4   Next: 13%
Magic:  8/8        EV:  6    Int: 14    God:
Gold:   120        SH:  0    Dex: 15    Spells: 7/7 levels left

rFire   . . .      SeeInvis .   Y - +0 hand axe
rCold   . . .      Faith    .   (no shield)
rNeg    . . .      Spirit   .   c - +0 chain mail
rPois   .          Reflect  .   (helmet restricted)
rElec   .          Harm     .   (no cloak)
rCorr   .          Rampage  .   (no gloves)
Will    .....                   (boots unavailable)
Stlth   ..........              (no amulet)
HPRegen 0.08/turn               (no ring)
MPRegen 0.11/turn               (no ring)

@: lethally poisoned (-1 -> -6), weak-willed
A: beak, talons 3, claws 1, thin skeletal structure 1, devolution 1
a: no special abilities


You were on level 2 of the Dungeon.
You visited 1 branch of the dungeon, and saw 2 of its levels.

You collected 120 gold pieces.


Innate Abilities, Weirdness & Mutations

You have a beak for a mouth.
You have claws for feet.
You have sharp fingernails.
You have a somewhat thin skeletal structure. (Dex +2, Stealth+)
You have hidden genetic defects.


   Skills:
 - Level 2.0 Fighting
 + Level 4.7 Axes
 - Level 1.0 Throwing
 - Level 1.1 Armour
 - Level 2.1 Dodging
 - Level 2.0 Spellcasting
 - Level 2.4 Translocations


You had 7 spell levels left.
You didn't know any spells.
Your spell library contained the following spells:

 Spells                   Type           Power      Damage    Failure   Level
 Blink                    Tloc           16%        N/A       99%         2
 Gell's Gravitas          Tloc           8%         N/A       100%        3
 Lesser Beckoning         Tloc           8%         N/A       100%        3
 Teleport Other           Tloc           8%         N/A       100%        3
 Manifold Assault         Tloc           8%         N/A       100%        5

Inventory:

Hand Weapons
 j - a +0 flail
 Y - a +0 hand axe (weapon)
Armour
 c - a +0 chain mail (worn)
Scrolls
 a - a scroll of identify
Potions
 b - a potion of mutation
 h - a potion of heal wounds
 i - a potion of degeneration {unknown}

Dungeon Overview and Level Annotations

Branches:
Dungeon (2/15)

Altars:


Message History

As you read the scroll labelled JET QUTAQEKUNO, it crumbles to dust.
It was a scroll of poison.
Done exploring.
2212 ||| DRINKING 2 fuming emerald potions.
It was a potion of mutation.
You feel extremely strange.
Your fingernails lengthen.
You feel a hidden malignance growing inside you.
Your bones become slightly less dense.
Done exploring.
2213 ||| READING 2 scrolls of identify.
As you read the scroll of identify, it crumbles to dust.
f - a potion of magic;
2213 ||| IDENTIFYING coppery potion Done exploring.
2214 ||| DROPPING potion of magic.
You drop a potion of magic.
Done exploring.
(D) Dungeon
Where to? (* - list waypoints, Enter - D:2, ? - help)
What level of the Dungeon? (default 1, ? - help) Sorry, I don't know how to get there.
Done exploring.
2215 ||| Stepping randomly (stuck).
Really walk into that cloud of poison gas?
You are engulfed in poison gas.
You are poisoned.
You feel very sick.
Enter note:
Enter note:
2216 ||| Stepping ~*~*~tactically~*~*~ (cloud).
You feel very sick.
Things that are here:
a potion of magic; a +0 ring mail
There is a lethal amount of poison in your body!
You feel very sick.
There is a lethal amount of poison in your body!
You feel sick.
There is a lethal amount of poison in your body!
You feel sick.
There is a lethal amount of poison in your body!
You feel sick.
There is a lethal amount of poison in your body!
You die...

########.###...........#######.##
#.#.').0¤0................
########.#.#..000......##########
.........#.##'#0¤..............##
##########.##.#0.###.............
#....#.##.#0¤# #.#########.##
#.##.#.##.#0.# #.# #.##
#.#..#.##.#0¤###.# #...
#.##.#.##.#¤@0¤#.# ####
#....%.##.#¤0.¤#.#
####.####.#00¤¤#.#
#.......#.0¤¤#.# #..######0¤00#.#
#.......0¤0¤0#.#
#######...######0¤¤#.#
..........# #0¤0#.#
########..######.#.#.#


There were no monsters in sight!

Vanquished Creatures
  An adder (D:2)
  A worm (D:2)
  3 orcs (D:2)
  6 ball pythons
  4 endoplasms
  2 giant cockroaches
  2 goblins (D:2)
  5 hobgoblins
  2 jackals (D:2)
  5 kobolds
  A quokka (D:1)
  6 bats
  3 frilled lizards
  2 rats (D:2)
43 creatures vanquished.

Notes
Turn   | Place    | Note
-------+----------+-------------------------------------------
     0 | D:1      | qw the Tengu Warper began the quest for the Orb.
     0 | D:1      | Reached XP level 1. HP: 12/12 MP: 4/4
     0 | D:1      | 0 ||| qw: Version: 0.1-a-89-g26bdef1
     0 | D:1      | 0 ||| qw: Game counter: 3195
     0 | D:1      | 0 ||| qw: Always use a shield: true
     0 | D:1      | 0 ||| qw: God list: Okawaru
     0 | D:1      | 0 ||| qw: Allow faded altars: false
     0 | D:1      | 0 ||| qw: Do Orc after D:15 true
     0 | D:1      | 0 ||| qw: Do second Lair branch before Depths: true
     0 | D:1      | 0 ||| qw: Lair rune preference: random
     0 | D:1      | 0 ||| qw: Plans: Normal
     0 | D:1      | 0 ||| PLANNING D:1-11
    37 | D:1      | 37 ||| Stepping ~*~*~tactically~*~*~ (stealth).
    39 | D:1      | 39 ||| Stepping ~*~*~tactically~*~*~ (stealth).
    73 | D:1      | 73 ||| Stepping ~*~*~tactically~*~*~ (stealth).
   148 | D:1      | Reached skill level 3 in Axes
   148 | D:1      | Reached XP level 2. HP: 14/17 MP: 6/6
   273 | D:1      | Found a faded altar of an unknown god.
   604 | D:1      | 604 ||| DROPPING +0 club.
   845 | D:1      | 845 ||| UPGRADING to +0 ring mail.
   855 | D:1      | 855 ||| DROPPING +0 leather armour.
   856 | D:1      | 856 ||| READING 3 scrolls labelled SYNIBA SIKA.
   857 | D:1      | 857 ||| READING scroll labelled WAR FANOGI.
   860 | D:1      | 860 ||| READING scroll labelled KOECZUXIUMM.
   861 | D:1      | 861 ||| DRINKING 2 smoky ruby potions.
   862 | D:1      | 862 ||| READING 2 scrolls of identify.
   862 | D:1      | 862 ||| IDENTIFYING blue potion
   863 | D:1      | 863 ||| DROPPING scroll of blinking.
   864 | D:1      | 864 ||| DROPPING potion of invisibility.
   952 | D:2      | Reached XP level 3. HP: 9/21 MP: 7/7
  1143 | D:2      | Reached skill level 4 in Axes
  1307 | D:2      | 1307 ||| Stepping ~*~*~tactically~*~*~ (stealth).
  1753 | D:2      | Identified the +0 robe of the Game of Life {rC+}
  1779 | D:2      | Reached XP level 4. HP: 25/26 MP: 8/8
  1851 | D:2      | 1851 ||| DROPPING +0 whip.
  1871 | D:2      | 1871 ||| Stepping ~*~*~tactically~*~*~ (stealth).
  1872 | D:2      | 1872 ||| Stepping ~*~*~tactically~*~*~ (stealth).
  1887 | D:2      | 1887 ||| Stepping ~*~*~tactically~*~*~ (stealth).
  2199 | D:2      | 2199 ||| UPGRADING to +0 chain mail.
  2209 | D:2      | 2209 ||| DROPPING +0 ring mail.
  2210 | D:2      | 2210 ||| READING scroll labelled DOSUCV SIFFIS.
  2211 | D:2      | 2211 ||| READING scroll labelled JET QUTAQEKUNO.
  2212 | D:2      | 2212 ||| DRINKING 2 fuming emerald potions.
  2212 | D:2      | Gained mutation: You have sharp fingernails. [potion of
                  | mutation]
  2212 | D:2      | Gained mutation: You have hidden genetic defects. [potion
                  | of mutation]
  2212 | D:2      | Gained mutation: You have a somewhat thin skeletal
                  | structure. (Dex +2, Stealth+) [potion of mutation]
  2213 | D:2      | 2213 ||| READING 2 scrolls of identify.
  2213 | D:2      | 2213 ||| IDENTIFYING coppery potion
  2214 | D:2      | 2214 ||| DROPPING potion of magic.
  2215 | D:2      | 2215 ||| Stepping randomly (stuck).
  2216 | D:2      | 2216 ||| Stepping ~*~*~tactically~*~*~ (cloud).
  2217 | D:2      | HP: 6/26 [poisoned by you (poison gas)]
  2219 | D:2      | HP: 2/26 [poisoned by you (poison gas)]
  2221 | D:2      | Succumbed to their own poison gas

Levels and vault maps discovered:
D:1:      lightli_iron_boxes, layout_rooms,
          hellmonk_ecumenical_altar_arch_garden
D:2:      layout_basic, minivault_19

Skill      XL: |  1  2  3 |
---------------+----------+-----
Axes           | 3 4 |  4.7
Fighting       | |  2.0
Throwing       | |  1.0
Armour         | |  1.1
Dodging        | |  2.1
Spellcasting   | |  2.0
Translocations | |  2.4

Action                   |  1- 3 |  4- 6 || total
-------------------------+-------+-------++-------
Melee: Hand axe          |    87 |     8 ||    95
       Peck              |    16 |       ||    16
       Kick              |    16 |     1 ||    17
       Punch             |     1 |       ||     1
Throw: Boomerang         |     7 |       ||     7
  Use: Scroll            |     4 |     3 ||     7
       Potion            |     1 |     1 ||     2
Armor: Leather armour    |     6 |       ||     6
       Ring mail         |    11 |       ||    11
Dodge: Dodged            |    51 |     3 ||    54

Table legend:
 A = Non-vault XP
 B = Vault XP
 C = Vault XP percentage of total XP
 D = Non-vault monster count
 E = Vault monster count
 F = Vault count percentage of total count
                 A         B        C        D         E       F
            +---------+---------+-------+---------+---------+-------
      Total |      93 |       0 |   0.0 |      43 |       0 |   0.0
            +---------+---------+-------+---------+---------+-------
        D:1 |      27 |       0 |   0.0 |      16 |       0 |   0.0
        D:2 |      66 |       0 |   0.0 |      27 |       0 |   0.0
            +---------+---------+-------+---------+---------+-------
